 Dungeon Crawl Stone Soup version 0.21.1-1-g345015f (webtiles) character file.

50 letownia2 the Magician (level 3, -10/24 HPs)
             Began as a Merfolk Wizard on Mar 10, 2018.
             Killed by divine providence
             ... invoked by an orc priest
              (13 damage)
             ... on level 3 of the Dungeon.
             The game lasted 00:04:52 (714 turns).

letownia2 the Magician (Merfolk Wizard)              Turns: 714, Time: 00:04:53

Health: -10/24     AC:  4    Str:  8    XL:     3   Next: 79%
Magic:  2/7        EV: 13    Int: 17    God:
Gold:   11         SH:  0    Dex: 12    Spells: 2/8 levels left

rFire    . . .     SeeInvis .   r - +3 hand axe
rCold    . . .     Gourm    .   (no shield)
rNeg     . . .     Faith    .   a - +0 robe
rPois    .         Spirit   .   i - +0 helmet
rElec    .         Reflect  .   (no cloak)
rCorr    .         Harm     .   (no gloves)
MR       .....                  m - +0 pair of boots
Stlth    +.........             (no amulet)
HPRegen  0.08/turn              (no ring)
MPRegen  0.10/turn              (no ring)

@: confused, very slightly contaminated
A: change form in water, swift swim, stealthy swim
a: no special abilities


You were on level 3 of the Dungeon.
You were not hungry.

You visited 1 branch of the dungeon, and saw 3 of its levels.

You collected 11 gold pieces.

Inventory:

Hand Weapons
 l - a +0 dagger
 r - a +3 hand axe (weapon)
Armour
 a - a +0 robe (worn)
 e - a +0 chain mail of positive energy
 i - a +0 helmet (worn)
 m - a +0 pair of boots (worn)
Scrolls
 g - a scroll of fog {unknown}
 k - a scroll of enchant armour {unknown}
 n - 2 scrolls of teleportation {unknown}
 o - a scroll of amnesia {unknown}
 p - a scroll of enchant weapon {unknown}
 q - 2 scrolls of remove curse {unknown}
Potions
 b - a potion of berserk rage {unknown}
 f - 2 potions of agility {unknown}
 h - a potion of heal wounds {unknown}
 j - a potion of brilliance {unknown}
Books
 c - a book of Minor Magic

   Spells                             Type                      Level
   a - Magic Dart                     Conjuration                  1
   b - Blink                          Translocation                2
   c - Call Imp                       Summoning                    2
   d - Slow                           Hexes                        2
   e - Conjure Flame                  Conjuration/Fire             3
   f - Mephitic Cloud                 Conjuration/Poison/Air       3
Comestibles
 d - 3 rations


   Skills:
 - Level 2.6 Dodging
 - Level 2.1 Stealth
 - Level 3.0 Spellcasting
 - Level 2.0 Conjurations
 + Level 2.0 Summonings
   Level 0.7 Translocations
 + Level 0.6 Air Magic
 + Level 1.0 Poison Magic


You had 2 spell levels left.
You knew the following spells:

 Your Spells              Type           Power        Failure   Level  Hunger
a - Magic Dart            Conj           #...         8%          1    None
e - Mephitic Cloud        Conj/Pois/Air  #.......     32%         3    ###....
i - Call Imp              Summ           #.......     12%         2    ##.....


Dungeon Overview and Level Annotations

Branches:
Dungeon (3/15)

Altars:

Portals:
Sewer: D:3


Message History

The orc priest barely misses you.
Unknown command.
You bump into the rock wall.
An orc priest comes into view. It is wielding a flail.
Unknown command.
You hit the orc priest but do no damage.
The orc throws a tomahawk.
The tomahawk hits you.
* * * LOW HITPOINT WARNING * * *
Unknown command.
The orc priest closely misses the orc priest.
The orc throws a tomahawk.
The tomahawk hits you.
* * * LOW HITPOINT WARNING * * *
In your confused state, you trip and fall back down the stairs.
* * * LOW HITPOINT WARNING * * *
Unknown command.
Unknown command.
The orc priest calls down the wrath of Beogh upon you.
Beogh smites you!
Ouch! That really hurt!
You die...

### #.. #.#####
#.#...# #.#†#.#
#.#.#.# ###.#.#.# ..
#.o.o@#.#
....###.#####.#
......o.......#
....###...##### ..
#.#.# #
...###.#o#####..###
....................
....###.#.o#####.###
## #.##.##


You could see an orc priest and an orc.

Vanquished Creatures
  Natasha (D:3)
  A dart slug (D:1)
  An orc (D:2)
  A ball python (D:2)
  2 giant cockroaches (D:2)
  2 goblins
  2 hobgoblins
  A bat (D:2)
  2 kobolds (D:2)
  4 rats
17 creatures vanquished.

Vanquished Creatures (collateral kills)
  An adder (D:2)
  A goblin (D:2)
  A hobgoblin (D:2)
  A quokka (D:2)
  A rat (D:3)
5 creatures vanquished.

Grand Total: 22 creatures vanquished

Notes
Turn   | Place    | Note
-------+----------+-------------------------------------------
     0 | D:1      | letownia2 the Merfolk Wizard began the quest for the Orb.
     0 | D:1      | Reached XP level 1. HP: 13/13 MP: 4/4
    54 | D:1      | Reached skill level 1 in Conjurations
   130 | D:1      | Reached XP level 2. HP: 10/19 MP: 0/6
   161 | D:1      | Learned a level 2 spell: Call Imp
   486 | D:3      | Found a glowing drain.
   507 | D:2      | Reached XP level 3. HP: 21/24 MP: 3/7
   512 | D:2      | Learned a level 3 spell: Mephitic Cloud
   582 | D:3      | Noticed Natasha
   597 | D:3      | Killed Natasha
   597 | D:3      | Reached skill level 1 in Poison Magic
   714 | D:3      | Killed from afar by an orc priest

Skill      XL: |  1  2  3 |
---------------+----------+-----
Conjurations   | 1 2 |  2.0
Summonings     | 2 |  2.0
Poison Magic   | 1 |  1.0
Dodging        | |  2.6
Stealth        | |  2.1
Spellcasting   | |  3.0
Translocations | |  0.7
Air Magic      | |  0.6

Action                   || total
-------------------------++-------
Melee: Unarmed           ||    28
       Dagger            ||    17
       Hand axe          ||     2
 Cast: Magic Dart        ||    32
       Call Imp          ||     4
       Mephitic Cloud    ||     2
 Stab: Confused          ||     1
Armor: Robe              ||    12
Dodge: Dodged            ||    57
